 Dungeon Crawl Stone Soup version 0.24.1-14-gf8d2b509d9 (webtiles) character file.

Game seed: 9784184381813239277, levelgen mode: deterministic

175 mortelune the Changer (level 5, -5/44 HPs)
             Began as a Naga Transmuter on May 23, 2020.
             Was a Believer of Cheibriados.
             Slain by an orc priest
             ... wielding a +0 hand axe
              (6 damage)
             ... on level 3 of the Dungeon.
             The game lasted 00:04:08 (3941 turns).

mortelune the Changer (Naga Transmuter)             Turns: 3941, Time: 00:04:09

Health: -5/44      AC:  2    Str: 16    XL:     5   Next: 55%
Magic:  5/10       EV: 19    Int: 18    God:    Cheibriados [**....]
Gold:   214        SH:  0    Dex: 21    Spells: 5/11 levels left

rFire    . . .     SeeInvis +     - Unarmed
rCold    . . .     Gourm    .   (shield currently unavailable)
rNeg     . . .     Faith    .   (armour currently unavailable)
rPois    x         Spirit   .   (helmet currently unavailable)
rElec    .         Reflect  .   (cloak currently unavailable)
rCorr    .         Harm     .   (gloves currently unavailable)
MR       .....                  (no barding)
Stlth    ++........             (no amulet)
HPRegen  0.14/turn              (no ring)
MPRegen  0.12/turn              (no ring)

@: spider-form (expiring), flying, very slightly contaminated, very slow
A: tiny, see invisible, slow metabolism 1, spit poison 1, AC +1
a: Spit Poison, End Transformation, Bend Time, Renounce Religion


You were on level 3 of the Dungeon.
You worshipped Cheibriados.
Cheibriados was pleased with you.
You were not hungry.
You were a venomous arachnid creature.
You visited 1 branch of the dungeon, and saw 3 of its levels.

You collected 214 gold pieces.

Inventory:

Hand Weapons
 l - a +0 hunting sling
Missiles
 Q - 9 arrows
Armour
 b - a +0 robe (melded)
 i - a +0 cloak (melded)
Scrolls
 c - a scroll of amnesia {unknown}
 f - a scroll of immolation {unknown}
 g - 2 scrolls of remove curse {unknown}
 j - 2 scrolls of identify {unknown}
 m - a scroll of fear {unknown}
 o - a scroll of teleportation {unknown}
Potions
 a - a potion of degeneration {unknown}
 e - a potion of flight
 h - a potion of curing {unknown}
 k - 2 potions of invisibility {unknown}
Comestibles
 d - 3 rations


   Skills:
 - Level 1.0 Fighting
 - Level 1.5 Dodging
 - Level 3.0 Unarmed Combat
 * Level 3.8 Spellcasting
 * Level 4.1 Transmutations


You had 5 spell levels left.
You knew the following spells:

 Your Spells              Type           Power        Failure   Level  Hunger
a - Beastly Appendage     Tmut           ###...       10%         1    None
b - Sticks to Snakes      Tmut           ###.....     13%         2    ##.....
c - Spider Form           Tmut/Pois      ##........   38%         3    ###....

Your spell library contained the following spells:

 Spells                   Type           Power        Failure   Level  Hunger
 Ice Form                 Ice/Tmut       ##......     75%         4    ####...
 Blade Hands              Tmut           ###.......   78%         5    ######.


Dungeon Overview and Level Annotations

Branches:
Dungeon (3/15)

Altars:
Cheibriados


Innate Abilities, Weirdness & Mutations

You cannot wear boots.
((Your serpentine skin is tough. (AC +1)))
You have supernaturally acute eyesight. (SInv)
((Armour fits poorly on your strangely shaped body.))
((Your system is resistant to poisons. (rPois)))
((You cover ground very slowly.))
You have a slow metabolism.
You can spit poison.


Message History

You hit the orc priest but do no damage.
The orc priest is moderately wounded.
The orc priest mumbles some strange prayers to Beogh against you.
Beogh smites you!
* * * LOW HITPOINT WARNING * * *
You barely miss the orc priest.
The orc priest is moderately wounded.
The orc wizard hits you with a +0 dagger.
* * * LOW HITPOINT WARNING * * *
The orc priest calls down the wrath of Beogh upon you.
Beogh smites you!
* * * LOW HITPOINT WARNING * * *
It was a potion of flight.
You feel very buoyant.
You fly up into the air.
Your transformation is almost over.
The orc wizard gestures at you while chanting.
The puff of frost misses you.
The orc priest hits you with a +0 hand axe.
You die...

....).÷.)...........
.#.##........>......
##.##..............
...##''##........##
#.##≈..≈##........#
###≈≈..≈≈##.......#
##≈≈≈≈.≈≈≈#.......# .##
.#≈.≈.8..≈#...#oo###...##
##≈..8.≈.≈###...s.......##
.# ####.†##...... ##
###.##...## #..†††....# #
..............#
................
#####..........#
#..........^ ..####......


You could see an orc priest and an orc wizard.

Vanquished Creatures
  A howler monkey (D:3)
  A hound (D:3)
  Ijyb (D:3)
  3 adders
  A worm (D:2)
  A dart slug (D:1)
  A leopard gecko (D:2)
  3 orcs (D:3)
  11 bats
  2 giant cockroaches
  2 goblins (D:2)
  6 hobgoblins
  3 jackals (D:3)
  A quokka (D:3)
  6 frilled lizards
  8 kobolds
  2 rats
53 creatures vanquished.

Vanquished Creatures (collateral kills)
  An adder (D:3)
  A bat (D:3)
  A giant cockroach (D:3)
3 creatures vanquished.

Grand Total: 56 creatures vanquished

Notes
Turn   | Place    | Note
-------+----------+-------------------------------------------
     0 | D:1      | mortelune the Naga Transmuter began the quest for the Orb.
     0 | D:1      | Reached XP level 1. HP: 18/18 MP: 3/3
   671 | D:1      | Reached XP level 2. HP: 21/25 MP: 3/5
   675 | D:1      | Learned a level 2 spell: Sticks to Snakes
  1949 | D:2      | Reached XP level 3. HP: 18/31 MP: 5/7
  2050 | D:2      | Learned a level 3 spell: Spider Form
  2130 | D:2      | Found a snail-covered altar of Cheibriados.
  2142 | D:2      | Reached skill level 3 in Transmutations
  2392 | D:2      | Became a worshipper of Cheibriados the Contemplative
  3190 | D:3      | Reached XP level 4. HP: 29/38 MP: 4/8
  3274 | D:3      | Noticed Ijyb
  3321 | D:3      | Killed Ijyb
  3495 | D:3      | Reached * piety under Cheibriados
  3838 | D:3      | Reached ** piety under Cheibriados
  3838 | D:3      | Reached skill level 4 in Transmutations
  3838 | D:3      | Reached XP level 5. HP: 31/44 MP: 5/10
  3940 | D:3      | HP: 1/44 [orc priest/divine providence (9)]
  3941 | D:3      | Slain by an orc priest

Levels and vault maps discovered:
D:1:      dpeg_arrival_stone_temple_mockup, layout_basic
D:2:      layout_loops_ring, cheibriados_altar_1
D:3:      layout_rooms, makhleb_blood_cavern_becter, minmay_misc_feat_pillars,
          kennysheep_generic_room_3, uniq_ijyb

Skill      XL: |  1  2  3  4 |
---------------+-------------+-----
Transmutations | 3 4 |  4.1
Spellcasting   | 3 |  3.8
Fighting       | |  1.0
Dodging        | |  1.5
Unarmed Combat | |  3.0

Action                   |  1- 3 |  4- 6 || total
-------------------------+-------+-------++-------
Melee: Unarmed           |   114 |    70 ||   184
       Headbutt          |    12 |       ||    12
 Cast: Beastly Appendage |    24 |     4 ||    28
       Spider Form       |     5 |     7 ||    12
       Sticks to Snakes  |       |     3 ||     3
 Abil: Spit Poison       |     1 |       ||     1
  Use: Potion            |       |     1 ||     1
 Stab: Sleeping          |     2 |       ||     2
  Eat: Chunk             |     6 |     3 ||     9
Armor: Robe              |    26 |    25 ||    51
       Skin              |     2 |     6 ||     8
Dodge: Dodged            |    86 |    78 ||   164
